 Dungeon Crawl Stone Soup version 0.28.0-47-ge53b351184 (webtiles) character file.

Game seed: 16474809278276085142

259124 DildoBatman the Earth Mage (level 20, -7/147 HPs)
             Began as a Formicid Conjurer on May 7, 2022.
             Was an Initiate of Gozag.
             Mangled by a war gargoyle
             ... wielding a +0 morningstar
             ... led by a peacekeeper
              (21 damage)
             ... on level 4 of the Vaults.
             The game lasted 03:15:53 (39654 turns).

DildoBatman the Earth Mage (Formicid Conjurer)     Turns: 39654, Time: 03:15:53

Health: -7/147     AC: 28    Str: 12    XL:     20   Next: 70%
Magic:  34/34      EV: 22    Int: 23    God:    Gozag
Gold:   4455       SH: 24    Dex: 34    Spells: 13/39 levels left

rFire   + + .      SeeInvis +   a - +8 glaive of the Guard {elec, spectral, AC+5}
rCold   + + .      Faith    .   h - +0 tower shield {AC+3}
rNeg    . . .      Spirit   .   o - +4 troll leather armour
rPois   .          Reflect  .   (helmet unavailable)
rElec   .          Harm     .   r - +1 cloak of Starlight {*Dazzle EV+4 Stlth--}
rCorr   .          Rampage  .   N - +1 pair of gloves of Liemmogo {rF+ rC+}
Will    +++..                   W - +2 pair of boots
Stlth   +.........              m - amulet "Voer" {RegenMP Will+ Dex+4}
HPRegen 1.14/turn               F - +6 ring of dexterity
MPRegen 0.64/turn               V - ring of Woeso {Drain rC+ Dex+9 Slay+4}

@: gold aura
A: permanent stasis, dig shafts and tunnels, antennae 3, four strong arms,
iridescent scales 1, clever 1, fire resistance 1
}: 2/15 runes: barnacled, gossamer
a: Dig, Shaft Self, Renounce Religion, Potion Petition, Call Merchant, Bribe
Branch


You were on level 4 of the Vaults.
You worshipped Gozag.
Gozag was most pleased with you.
You visited 7 branches of the dungeon, and saw 36 of its levels.
You also visited: Sewer, Bailey and Gauntlet.

You collected 11062 gold pieces.
You spent 3502 gold pieces at shops.
You paid 3105 gold pieces to Gozag.

Inventory:

Hand Weapons
 a - the +8 glaive of the Guard (weapon) {elec, spectral, AC+5}
   (You found it on level 12 of the Dungeon)

   It occasionally discharges a powerful burst of electricity upon striking a
   foe.
   When it strikes, its spirit leaps out and fights alongside the wielder.
   AC:        It affects your AC (+5).
 b - the +7 shortbow of Accidental Termination {vorpal, rElec Will+}
   (You found it on level 4 of the Shoals)

   Any ammunition fired from it inflicts extra damage upon your enemies.
   rElec:     It insulates you from electricity.
   Will:      It increases your willpower.
 e - the +9 staff of Olgreb {rPois∞}
   (You found it in a Gauntlet)

   If the wielder is skilled in Evocations, they can envenom those struck by it,
   dealing poison damage which bypasses armour.
   It enhances your poison magic.
   It grants immunity to poison.
   It can be activated via the 'a'bility menu to radiate toxic energy, with
   effectiveness depending on Evocations skill.
Missiles
 i - 1028 arrows
 q - 858 bolts
 E - 15 throwing nets
 Q - 300 sling bullets
 S - 7 silver javelins
Armour
 h - a +0 tower shield of protection (worn)
 o - a +4 troll leather armour (worn)
 r - the +1 cloak of Starlight (worn) {*Dazzle EV+4 Stlth--}
   (You found it in a Gauntlet)

   It may blind those who miss an attack against the wearer in melee combat.
   EV:        It affects your evasion (+4).
   Stlth:     It makes you much less stealthy.
 A - a +0 cloak of willpower
 N - the +1 pair of gloves of Liemmogo (worn) {rF+ rC+}
   (You bought it in a shop on level 14 of the Dungeon)

   rF:        It protects you from fire.
   rC:        It protects you from cold.
 W - a +2 pair of boots (worn)
Jewellery
 g - an amulet of the acrobat
 m - the amulet "Voer" (around neck) {RegenMP Will+ Dex+4}
   (You bought it in a shop on level 14 of the Dungeon)

   [amulet of magic regeneration]

   It increases your rate of magic regeneration.
   Dex:       It affects your dexterity (+4).
   Will:      It increases your willpower.
 p - a ring of flight
 x - a ring of positive energy
 F - a +6 ring of dexterity (left hand)
 V - the ring of Woeso (right hand) {Drain rC+ Dex+9 Slay+4}
   (You took it off a minotaur in a Gauntlet)

   [ring of protection from cold]

   Dex:       It affects your dexterity (+9).
   Slay:      It affects your accuracy & damage with ranged weapons and melee
   (+4).
   rC:        It protects you from cold.
   Drain:     It drains your maximum health when unequipped.
 Y - a ring of resist corrosion
Wands
 u - a wand of iceblast (20)
 P - a wand of acid (4)
Scrolls
 c - 2 scrolls of fear
 f - 3 scrolls of torment
 k - 3 scrolls of fog
 l - 7 scrolls of immolation
 v - a scroll of enchant armour
 z - 8 scrolls of identify
 C - 4 scrolls of magic mapping
 G - a scroll of acquirement
 H - 6 scrolls of holy word
 O - 6 scrolls of amnesia
Potions
 j - 6 potions of heal wounds
 s - a potion of resistance
 w - 19 potions of curing
 B - 3 potions of invisibility
 D - 2 potions of might
 I - 8 potions of brilliance
 K - 6 potions of cancellation
 L - a potion of magic
 X - 14 potions of ambrosia
 Z - 5 potions of mutation
Miscellaneous
 n - a condenser vane
 M - a phantom mirror


   Skills:
 - Level 10.0 Fighting
 - Level 8.0 Polearms
 - Level 10.0 Armour
 - Level 7.0 Dodging
 - Level 2.4 Stealth
 - Level 15.0 Shields
 - Level 10.0 Spellcasting
 - Level 6.0 Conjurations
 * Level 14.7 Necromancy
 * Level 15.2 Transmutations
 - Level 8.0 Ice Magic
 - Level 20.0 Earth Magic
 - Level 2.0 Evocations


You had 13 spell levels left.
You knew the following spells:

 Your Spells              Type           Power      Damage    Failure   Level
a - Stone Arrow           Conj/Erth      100%       3d13      1%          3
b - Lee's Rapid Deconstr  Erth           40%        3d21*     1%          5
d - Frozen Ramparts       Ice            96%        1d11      1%          3
f - Statue Form           Tmut/Erth      50%        N/A       1%          6
g - Ozocubu's Armour      Ice            48%        N/A       1%          3
h - Dispel Undead         Necr           68%        3d23      1%          4
z - Sublimation of Blood  Necr           68%        N/A       1%          2

Your spell library contained the following spells:

 Spells                   Type           Power      Damage    Failure   Level
 Animate Skeleton         Necr           100%       N/A       1%          1
 Magic Dart               Conj           100%       1d8       1%          1
 Pain                     Necr           100%       1d9       1%          1
 Sting                    Tmut/Pois      100%       1d8       1%          1
 Animate Dead             Necr           34%        N/A       1%          4
 Ice Form                 Ice/Tmut       60%        N/A       1%          4
 Agony                    Necr           68%        N/A       1%          5
 Excruciating Wounds      Necr           34%        N/A       1%          5
 Searing Ray              Conj           78%        2d7       2%          2
 Animate Armour           Summ/Erth      100%       N/A       3%          4
 Leda's Liquefaction      Hex/Erth       27%        N/A       3%          4
 Shock                    Conj/Air       100%       1d9       5%          1
 Death Channel            Necr           34%        N/A       7%          6
 Static Discharge         Conj/Air       25%        N/A       9%          2
 Dazzling Flash           Conj/Hex       50%        N/A       16%         3
 Apportation              Tloc           22%        N/A       19%         1
 Alistair's Intoxication  Tmut/Pois      30%        N/A       22%         5
 Yara's Violent Unravell  Hex/Tmut       23%        3d10      22%         5
 Simulacrum               Ice/Necr       29%        N/A       26%         6
 Poisonous Vapours        Pois/Air       22%        N/A       28%         2
 Summon Ice Beast         Ice/Summ       29%        N/A       34%         4
 Fulminant Prism          Conj/Hex       12%        3d9       47%         4
 Iskenderun's Mystic Bla  Conj/Tloc      25%        2d7       47%         4
 Call Canine Familiar     Summ           11%        N/A       50%         3
 Portal Projectile        Hex/Tloc       22%        N/A       50%         3
 Tukima's Dance           Hex            11%        N/A       50%         3
 Lightning Bolt           Conj/Air       12%        1d26      83%         5
 Airstrike                Air            5%         N/A       88%         4
 Olgreb's Toxic Radiance  Pois           11%        N/A       88%         4
 Passage of Golubria      Tloc           11%        N/A       88%         4
 Necromutation            Tmut/Necr      34%        N/A       95%         8
 Borgnjor's Revivificati  Necr           34%        N/A       96%         8
 Infestation              Necr           34%        N/A       96%         8
 Manifold Assault         Tloc           11%        N/A       99%         5
 Silence                  Hex/Air        5%         N/A       99%         5
 Ozocubu's Refrigeration  Ice            24%        4d9       99%         7
 Lehudib's Crystal Spear  Conj/Erth      31%        10d8      99%         8
 Dispersal                Tloc           5%         N/A       100%        6
 Starburst                Conj/Fire      12%        6d5       100%        6
 Haunt                    Necr/Summ      22%        N/A       100%        7
 Storm Form               Tmut/Air       23%        N/A       100%        7
 Disjunction              Tloc           5%         N/A       100%        8
 Maxwell's Capacitive Co  Air            5%         ∞         100%        8
 Death's Door             Necr           34%        N/A       100%        9
 Blink                    Tloc           Unusable   N/A       N/A         2
 Swiftness                Air            Unusable   N/A       N/A         3

Dungeon Overview and Level Annotations

Branches:
Dungeon (15/15)            Temple (1/1) D:5            Lair (6/6) D:8
 Shoals (4/4) Lair:2       Spider (4/4) Lair:4        Slime (0/5) Lair:5
    Orc (2/2) D:9             Elf (0/3) Orc:2        Vaults (3/5) D:13
  Crypt (0/3) Vaults:2     Depths (0/4) D:15          Sewer (visited)
 Bailey (visited)         Gauntlet (visited)

Altars:
Ashenzari
Cheibriados
Dithmenos
Elyvilon
Fedhas
Gozag
Hepliaklqana
Kikubaaqudgha
Makhleb
Nemelex Xobeh
Okawaru
Qazlal
Ru
Sif Muna
Trog
Uskayaw
Vehumet
Wu Jian
Xom
Yredelemnul
Zin
The Shining One
Jiyva

Shops:
D:4 *   D:7 [   D:14 :=[:=   D:15 (   Orc:2 *??**   Shoals:1 ?   Shoals:2 =
Vaults:2 !

Annotations:
Vaults:1 exclusion: yaktaur captain


Innate Abilities, Weirdness & Mutations

You cannot be hasted, slowed, berserked, paralysed or teleported.
You can dig through walls and to a lower floor.
You have a pair of large antennae on your head. (SInv)
Your four strong arms can wield two-handed weapons with a shield.
You are partially covered in iridescent scales. (AC +2)
Your mind is acute. (Int +2)
Your flesh is heat resistant. (rF+)


Message History

Your +4 troll leather armour unmelds from your body.
You block the war gargoyle's attack. You block the peacekeeper's attack.
The peacekeeper claws you but does no damage.
The crystal guardian completely misses you.
The war gargoyle completely misses you. You block the peacekeeper's attack.
The peacekeeper claws you but does no damage.
The yaktaur captain is distracted by your dazzling golden aura.
A crystal guardian comes into view.
As you read the scroll of fear, it crumbles to dust.
You assume a fearsome visage.
The ufetubus looks frightened!
The yaktaur captain looks frightened!
The yaktaur captain shouts!
The war gargoyle is unaffected.
The peacekeeper is unaffected.
The crystal guardian is unaffected. x2
The cyan ugly thing looks frightened!
The ufetubus is no longer distracted by gold.
The war gargoyle no longer looks unusually strong.
The peacekeeper bites you but does no damage.
You block the peacekeeper's attack.
The ufetubus is distracted by your dazzling golden aura.
The war gargoyle hits you with a +0 morningstar!
The cyan ugly thing is distracted by your dazzling golden aura.
The crystal guardian is distracted by your dazzling golden aura.
You block the peacekeeper's attack. The peacekeeper barely misses you.
The ufetubus shouts!
The cyan ugly thing gurgles horribly!
You feel much better.
The crystal guardian is no longer distracted by gold.
You block the war gargoyle's attack. The crystal guardian hits you!!
You block the peacekeeper's attack. The peacekeeper misses you.
The war gargoyle hits you with a +0 morningstar!!
You die...
Your body crumbles into a pile of gold.

#.....#...####
...#...#.#...#...#
..#...#.#...#...#
##.#...#.....#...#
..#...#.##..#...# $
##.'...#.##..#...#
##..'...#.....#...####
#..u95$.#.....#...#...
#@$.#.....#...#.##
#99.#.#...#...#.#≈
#...#..##.#...#.#≈
#...#..##.#...#.#§
#...#.....#...#.##
#...#[....#...#...
#####9..')..#.#...##'#
.......c#.....#^......
........#######.......


You could see a yaktaur captain (fleeing), a cyan ugly thing (fleeing), 2
crystal guardians, a war gargoyle, a peacekeeper and an ufetubus (blind,
fleeing).

Vanquished Creatures
  Nikola (Shoals:3)
  Jorgrun (Orc:2)
  Rupert (D:12)
  Frances (Shoals:1)
  A sphinx (Vaults:4)
  A tengu reaver (D:12)
  Ilsuiw (Shoals:3)
  A revenant (Vaults:2)
  A frost giant (Shoals:4)
  4 vault wardens
  Louise (Shoals:1)
  An emperor scorpion (Spider:3)
  2 orc warlords
  The ghost of H0rd4k the Sorcerer, an adept DEWz of Gozag (Shoals:4)
  Aizul (Spider:3)
  5 broodmothers
  A ghoul (Vaults:2)
  6 ironbound preservers
  A war gargoyle (Vaults:1)
  A stone giant (Vaults:1)
  5 ironbound thunderhulks
  8 entropy weavers
  2 vampire knights
  A deep elf annihilator (Vaults:1)
  A minotaur (Gauntlet)
  2 spark wasps
  Azrael (D:12)
  An ettin (D:12)
  3 merfolk javelineers
  A deep elf death mage (Vaults:1)
  A deep elf high priest (Vaults:1)
  12 merfolk impalers
  A great orb of eyes (Vaults:2)
  7 vault guards
  3 yaktaur captains
  A fire dragon (D:15)
  An ice dragon (D:15)
  9 hydras
  9 boulder beetles
  A jorogumo (Spider:1)
  3 radroaches (Spider:4)
  An ogre mage (Vaults:1)
  A peacekeeper (Vaults:1)
  5 centaur warriors
  A catoblepas (D:14)
  5 ironbound frosthearts
  3 tengu warriors
  A death knight (D:15)
  4 merfolk avatars
  3 merfolk aquamancers
  2 two-headed ogres
  2 satyrs
  An orc high priest (Orc:1)
  Nergalle (Lair:4)
  A vampire mage (Vaults:2)
  Sonja (D:13)
  The ghost of spica the Cleaver, a novice HOBe of Trog (D:6)
  5 pharaoh ants
  5 skeletal warriors (D:14)
  A sun moth (Spider:3)
  7 sea snakes
  18 deep trolls
  2 goliath frogs
  A fire crab (D:12)
  5 steelbarb worms
  12 orb spiders
  5 wizards
  A deep elf archer (D:13)
  2 phantasmal warriors
  14 harpies
  3 lindwurms (Vaults:2)
  7 orc knights
  4 deep elf pyromancers
  7 ironbound convokers
  3 oklob plants
  19 wolf spiders
  11 manticores
  20 ugly things
  2 orc sorcerers
  2 cyclopes (D:12)
  5 moths of wrath
  3 fauns (Shoals:3)
  10 merfolk sirens
  A moth of wrath (shapeshifter) (D:15)
  11 elephants
  9 black mambas
  2 water nymphs
  7 vault sentinels
  A centaur zombie (D:11)
  A gargoyle (D:5)
  5 torpor snails
  3 unseen horrors
  20 cane toads
  Maggie (Lair:2)
  9 rime drakes
  7 komodo dragons
  5 demonic crawlers
  2 freezing wraiths (D:15)
  2 efreet
  An ice devil (Gauntlet)
  14 yaktaurs
  A tengu conjurer (D:13)
  A death yak zombie (Lair:4)
  6 trolls
  2 hydra zombies
  A queen bee (Lair:6)
  26 merfolk
  16 meliai
  9 wind drakes
  2 polar bears
  25 tarantellas
  16 slime creatures
  4 snapping turtles
  2 tyrant leeches (Lair:6)
  3 boulder beetle zombies
  13 blink frogs
  3 hydra skeletons
  18 dream sheep
  A centaur simulacrum (D:12)
  28 culicivoras
  34 jumping spiders
  A vampire (D:11)
  17 water elementals
  A shadow (D:11)
  2 fire elementals (D:12)
  A wraith (D:11)
  2 black mamba zombies
  3 wyverns
  43 yaks
  5 basilisks
  4 black mamba skeletons
  8 vampire mosquitoes
  A steam dragon (D:8)
  43 redbacks
  5 wargs
  4 cane toad zombies
  17 water moccasins
  Duvessa (D:7)
  3 hell hounds
  The ghost of Skull the Sneak, an amateur SpEn (D:3)
  4 black bears
  5 cane toad skeletons
  46 orc warriors
  2 ice beasts
  23 wolves
  6 ogres
  2 torpor snail zombies (Lair:4)
  3 blink frog skeletons
  26 centaurs
  2 necrophages
  2 rime drake zombies (Lair:4)
  7 kobold brigands
  20 bullfrogs
  4 gnoll sergeants
  A komodo dragon zombie (Lair:4)
  4 komodo dragon skeletons (Lair:6)
  A wyvern zombie (D:7)
  5 water moccasin zombies
  2 wyvern skeletons
  3 water moccasin skeletons
  A polar bear zombie (Lair:1)
  Dowan (D:7)
  32 killer bees
  2 yak zombies
  A howler monkey (D:10)
  3 wights (D:8)
  A yak skeleton (Lair:4)
  9 electric eels
  A wolf zombie (Lair:4)
  A basilisk zombie (Lair:4)
  2 bullfrog zombies
  A jelly (D:6)
  9 hounds
  16 orc priests
  2 centaur skeletons (D:6)
  2 gnoll shamans (D:9)
  3 iguanas
  26 orc wizards
  7 hell rats
  2 howler monkey zombies
  A howler monkey skeleton (D:6)
  30 gnolls
  6 adders
  9 river rats (Lair:4)
  5 white imps (Gauntlet)
  2 ufetubi
  2 worms
  A dart slug (D:3)
  58 orcs
  9 ball pythons
  12 endoplasms
  5 giant cockroaches
  13 goblins
  9 hobgoblins
  4 jackals
  8 quokkas
  5 bats
  3 frilled lizards
  2 giant cockroach zombies (D:8)
  A hobgoblin zombie (D:8)
  29 kobolds
  33 rats
1324 creatures vanquished.

Vanquished Creatures (others)
  An ironbound preserver (Vaults:2)
  An ironbound convoker (Vaults:2)
  A merfolk siren (Lair:2)
  A vault sentinel (Vaults:2)
  A redback (Spider:4)
  A howler monkey (D:12)
  An orc wizard (D:11)
  A bush (Lair:2)
  72 fungi
  219 plants
299 creatures vanquished.

Grand Total: 1623 creatures vanquished

Notes
Turn   | Place    | Note
-------+----------+-------------------------------------------
     0 | D:1      | DildoBatman the Formicid Conjurer began the quest for the
                  | Orb.
     0 | D:1      | Reached XP level 1. HP: 13/13 MP: 3/3
   130 | D:1      | Reached XP level 2. HP: 19/19 MP: 3/5
   134 | D:1      | Learned a level 2 spell: Searing Ray
   395 | D:1      | Reached XP level 3. HP: 24/24 MP: 4/6
   887 | D:2      | Reached XP level 4. HP: 30/30 MP: 7/7
   926 | D:2      | Reached skill level 5 in Conjurations
  1612 | D:3      | Found a transporter.
  1614 | D:3      | Noticed Skull's ghost (amateur SpEn)
  1618 | D:3      | Found a transporter.
  1743 | D:3      | Found a faded altar of an unknown god.
  1991 | D:3      | Reached XP level 5. HP: 33/35 MP: 8/8
  2387 | D:4      | Found a blossoming altar of Fedhas.
  2465 | D:4      | Found a bloodstained altar of Trog.
  2564 | D:4      | Noticed a black bear
  2579 | D:4      | Killed a black bear
  2580 | D:4      | Reached XP level 6. HP: 42/42 MP: 9/9
  2660 | D:4      | Noticed a black bear
  2667 | D:4      | Killed a black bear
  2668 | D:4      | Reached skill level 1 in Fighting
  2668 | D:4      | Reached skill level 1 in Armour
  2729 | D:4      | Found Zucufibe's Assorted Antiques.
  2737 | D:4      | Bought a green potion for 26 gold pieces
  2737 | D:4      | Bought a yellow potion for 26 gold pieces
  2737 | D:4      | Bought 2 lumpy cyan potions for 52 gold pieces
  2962 | D:5      | Entered Level 5 of the Dungeon
  2980 | D:5      | Found a staircase to the Ecumenical Temple.
  2989 | Temple   | Entered the Ecumenical Temple
  3054 | Temple   | Became a worshipper of Kikubaaqudgha
  3072 | D:5      | Noticed an ogre
  3079 | D:5      | Killed an ogre
  3080 | D:5      | Reached XP level 7. HP: 50/50 MP: 11/12
  3151 | D:5      | Found a glowing drain.
  3258 | D:5      | Reached skill level 5 in Spellcasting
  3337 | Sewer    | Entered a sewer
  3454 | Sewer    | Reached * piety under Kikubaaqudgha
  3454 | Sewer    | Received a gift from Kikubaaqudgha
  3458 | Sewer    | Learned a level 2 spell: Sublimation of Blood
  3606 | Sewer    | Reached XP level 8. HP: 26/56 MP: 12/17
  4305 | D:4      | Reached ** piety under Kikubaaqudgha
  4336 | D:4      | Bought a scroll labelled MITSOTHRIQE for 29 gold pieces
  4525 | D:3      | Killed Skull's ghost
  4617 | D:4      | Bought a scroll labelled XASHESA MUCWOE for 29 gold pieces
  4724 | D:6      | Reached skill level 5 in Necromancy
  4724 | D:6      | Reached XP level 9. HP: 59/60 MP: 19/19
  5000 | D:6      | Found a runed translucent door.
  5004 | D:6      | Noticed spica's ghost (novice HOBe)
  5025 | D:6      | Killed spica's ghost
  5215 | D:6      | Noticed a gargoyle
  5577 | D:7      | Reached *** piety under Kikubaaqudgha
  5577 | D:7      | Received a gift from Kikubaaqudgha
  5590 | D:7      | Learned a level 4 spell: Dispel Undead
  5632 | D:7      | Found Guretae's Armour Shop.
  5718 | D:7      | Reached XP level 10. HP: 44/68 MP: 20/20
  6078 | D:7      | Noticed Duvessa
  6093 | D:7      | Noticed Dowan
  6097 | D:7      | Killed Duvessa
  6104 | D:7      | Killed Dowan
  6129 | D:7      | Reached skill level 5 in Armour
  6264 | D:7      | Gained mutation: You are robust. (+10% HP) [potion of
                  | mutation]
  6264 | D:7      | Lost mutation: You are robust. (+10% HP) [potion of
                  | mutation]
  6264 | D:7      | Gained mutation: You have large cloven feet. [potion of
                  | mutation]
  6265 | D:7      | Lost mutation: You have large cloven feet. [potion of
                  | mutation]
  6265 | D:7      | Gained mutation: Your spells are a little easier to cast,
                  | but a little less powerful. [potion of mutation]
  6265 | D:7      | Gained mutation: You are dopey. (Int -2) [potion of
                  | mutation]
  6265 | D:7      | Lost mutation: You are dopey. (Int -2) [potion of mutation]
  6266 | D:7      | Lost mutation: Your spells are a little easier to cast, but
                  | a little less powerful. [potion of mutation]
  6266 | D:7      | Gained mutation: You expend magic power (3 MP) to
                  | strengthen your wands. [potion of mutation]
  6266 | D:7      | Gained mutation: You have sharp toenails. [potion of
                  | mutation]
  6266 | D:7      | Gained mutation: You are partially covered in iridescent
                  | scales. (AC +2) [potion of mutation]
  6266 | D:7      | Gained mutation: Your mind is acute. (Int +2) [potion of
                  | mutation]
  6332 | D:8      | Noticed a deep elf pyromancer
  6429 | D:8      | Reached skill level 5 in Fighting
  6670 | D:8      | Learned a level 3 spell: Ozocubu's Armour
  6747 | D:8      | Reached skill level 1 in Ice Magic
  6917 | D:8      | Found a staircase to the Lair.
  6958 | D:8      | Reached **** piety under Kikubaaqudgha
  7016 | D:8      | Found an opulent altar of Gozag.
  7213 | D:8      | You fall into a shaft and drop 3 floors!
  7484 | D:11     | Reached skill level 1 in Shields
  7542 | D:11     | Reached XP level 11. HP: 80/80 MP: 21/21
  7843 | D:11     | Noticed a boulder beetle
  7850 | D:10     | Entered Level 10 of the Dungeon
  7886 | D:10     | Noticed a tengu warrior
  7886 | D:10     | Noticed a tengu warrior
  7921 | D:10     | Reached skill level 5 in Ice Magic
  8064 | D:10     | Killed a tengu warrior
  8182 | D:10     | Killed a tengu warrior
  8404 | D:9      | Noticed a centaur warrior
  8425 | D:9      | Killed a centaur warrior
  8485 | D:9      | Reached ***** piety under Kikubaaqudgha
  8539 | D:9      | Found a flagged portal.
  8644 | D:9      | Found a staircase to the Orcish Mines.
  8711 | Bailey   | Entered a bailey
  8944 | Bailey   | Found a bloodstained altar of Trog.
  8955 | Bailey   | Reached skill level 5 in Dodging
  8977 | Bailey   | Identified the +5 scimitar "Emmipsy" {freeze, Drain rC+
                  | MP+9 Stlth+}
  9091 | D:9      | Found an ornate altar of the Wu Jian Council.
  9742 | D:10     | Reached XP level 12. HP: 84/85 MP: 22/22
 10223 | D:10     | Learned a level 5 spell: Lee's Rapid Deconstruction
 10379 | D:11     | Noticed a centaur warrior
 10402 | D:11     | Killed a centaur warrior
 10685 | Orc:1    | Entered Level 1 of the Orcish Mines
 11132 | Orc:1    | Noticed an orc high priest
 11306 | Orc:1    | Killed an orc high priest
 11427 | Orc:2    | Entered Level 2 of the Orcish Mines
 11510 | Orc:2    | Found a staircase to the Elven Halls.
 11714 | Orc:2    | Found Jong's General Store.
 11953 | Orc:2    | Reached ****** piety under Kikubaaqudgha
 11960 | Orc:2    | Received a gift from Kikubaaqudgha
 11961 | Orc:2    | Fell from the grace of Kikubaaqudgha
 12131 | D:8      | Became a worshipper of Gozag Ym Sagoz the Greedy
 12703 | Orc:1    | Reached XP level 13. HP: 86/101 MP: 23/23
 12738 | Orc:2    | Noticed Jorgrun
 12854 | Lair:1   | Entered Level 1 of the Lair of Beasts
 12967 | Lair:1   | Reached skill level 10 in Fighting
 12967 | Lair:1   | Reached skill level 10 in Armour
 13148 | Lair:1   | Reached skill level 1 in Earth Magic
 13162 | Lair:1   | Reached skill level 2 in Earth Magic
 13218 | Lair:1   | Noticed a six-headed hydra
 13231 | Lair:1   | Noticed a six-headed hydra
 13254 | Lair:1   | Noticed an eight-headed hydra
 13654 | D:8      | Reached skill level 3 in Earth Magic
 14119 | Lair:2   | Noticed Maggie
 14145 | Lair:2   | Killed Maggie
 14146 | Lair:2   | Reached skill level 4 in Earth Magic
 14243 | Lair:2   | Reached skill level 5 in Earth Magic
 14293 | Lair:2   | Noticed a seven-headed hydra
 14748 | Lair:2   | Reached skill level 6 in Earth Magic
 14759 | Lair:2   | Reached skill level 7 in Earth Magic
 14914 | Lair:2   | Reached skill level 8 in Earth Magic
 15302 | Lair:2   | Found a staircase to the Shoals.
 15799 | Lair:3   | Reached skill level 9 in Earth Magic
 15806 | Lair:3   | Learned a level 6 spell: Statue Form
 15912 | Lair:3   | Noticed a six-headed hydra
 15946 | Lair:3   | Killed a one-headed hydra
 15962 | Lair:3   | Reached skill level 10 in Earth Magic
 16036 | Lair:3   | Noticed a six-headed hydra
 16061 | Lair:3   | Killed a one-headed hydra
 16226 | Lair:3   | Reached skill level 11 in Earth Magic
 16836 | Lair:1   | Killed a one-headed hydra
 16986 | D:8      | Killed a one-headed hydra
 16987 | D:8      | Reached XP level 14. HP: 94/110 MP: 24/24
 17075 | D:8      | Reached skill level 12 in Earth Magic
 17553 | Lair:4   | Reached skill level 13 in Earth Magic
 17592 | Lair:4   | Noticed Nergalle
 17918 | Lair:4   | Found a hole to the Spider Nest.
 18357 | Lair:4   | Killed Nergalle
 18823 | Lair:4   | Reached skill level 1 in Transmutations
 18898 | Lair:5   | Reached skill level 14 in Earth Magic
 18971 | Lair:5   | Found the +4 skin of Zhor {*Englaciate rC+++ SInv}
 19552 | Lair:5   | Reached skill level 5 in Transmutations
 19724 | Lair:5   | Found a viscous altar of Jiyva.
 19724 | Lair:5   | Found a staircase to the Slime Pits.
 19865 | Lair:5   | Reached skill level 15 in Earth Magic
 20026 | Lair:5   | Lost mutation: You have sharp toenails. [potion of
                  | mutation]
 20026 | Lair:5   | Lost mutation: You are partially covered in iridescent
                  | scales. (AC +2) [potion of mutation]
 20026 | Lair:5   | Gained mutation: Your muscles are strong. (Str +2) [potion
                  | of mutation]
 20028 | Lair:6   | Entered Level 6 of the Lair of Beasts
 20309 | Lair:6   | Reached XP level 15. HP: 115/115 MP: 25/25
 20404 | Lair:6   | Was forgiven by Kikubaaqudgha
 20801 | Lair:6   | Reached skill level 16 in Earth Magic
 21261 | Lair:6   | Reached skill level 17 in Earth Magic
 21491 | Lair:6   | Lost mutation: Your mind is acute. (Int +2) [potion of
                  | mutation]
 21491 | Lair:6   | Lost mutation: Your muscles are strong. (Str +2) [potion of
                  | mutation]
 21491 | Lair:6   | Lost mutation: You expend magic power (3 MP) to strengthen
                  | your wands. [potion of mutation]
 21491 | Lair:6   | Gained mutation: You expend magic power (3 MP) to
                  | strengthen your wands. [potion of mutation]
 21491 | Lair:6   | Gained mutation: You are frail. (-10% HP) [potion of
                  | mutation]
 21491 | Lair:6   | Gained mutation: You are partially covered in large bone
                  | plates. (SH +4) [potion of mutation]
 21496 | Lair:6   | Learned a level 3 spell: Frozen Ramparts
 21980 | D:8      | Lost mutation: You are partially covered in large bone
                  | plates. (SH +4) [potion of mutation]
 21980 | D:8      | Lost mutation: You are frail. (-10% HP) [potion of
                  | mutation]
 21980 | D:8      | Gained mutation: Armour fits poorly on your strangely
                  | shaped body. [potion of mutation]
 21980 | D:8      | Gained mutation: You are partially covered in iridescent
                  | scales. (AC +2) [potion of mutation]
 21981 | D:8      | Lost mutation: Armour fits poorly on your strangely shaped
                  | body. [potion of mutation]
 21981 | D:8      | Lost mutation: You expend magic power (3 MP) to strengthen
                  | your wands. [potion of mutation]
 21981 | D:8      | Lost mutation: You are partially covered in iridescent
                  | scales. (AC +2) [potion of mutation]
 21981 | D:8      | Gained mutation: Your spells are a little harder to cast,
                  | but a little more powerful. [potion of mutation]
 21981 | D:8      | Gained mutation: Your mind is acute. (Int +2) [potion of
                  | mutation]
 21981 | D:8      | Gained mutation: You are robust. (+10% HP) [potion of
                  | mutation]
 23095 | D:12     | Noticed Rupert
 23167 | D:12     | Killed Rupert
 23266 | D:12     | Noticed Azrael
 23418 | D:12     | Reached skill level 18 in Earth Magic
 23620 | D:7      | Bought a +1 buckler of fire resistance for 247 gold pieces
 24028 | D:12     | Noticed a tengu reaver
 24045 | D:12     | Killed a tengu reaver
 24089 | D:12     | Found the +8 glaive of the Guard {elec, spectral, AC+5}
 24098 | D:12     | Noticed an orc warlord
 24124 | D:12     | Killed an orc warlord
 24144 | D:12     | Reached XP level 16. HP: 121/134 MP: 10/28
 24398 | D:12     | Killed Azrael
 24646 | D:13     | Noticed Sonja
 24649 | D:13     | Killed Sonja
 24800 | D:13     | Reached skill level 1 in Polearms
 25360 | D:13     | Found a gate to the Vaults.
 25617 | D:14     | Found Ixteur's Jewellery Emporium.
 25807 | D:14     | Found a gate leading to a gauntlet.
 25835 | D:14     | Found Xuuxkoma's Book Emporium.
 25870 | D:14     | Reached skill level 19 in Earth Magic
 25946 | D:14     | Bought the +1 pair of gloves of Liemmogo {rF+ rC+} for 518
                  | gold pieces
 25964 | D:14     | Bought the amulet "Voer" {RegenMP Will+ Dex+4} for 765 gold
                  | pieces
 25977 | Gauntlet | Entered a Gauntlet
 25977 | Gauntlet | Found a transporter.
 25977 | Gauntlet | Found a transporter.
 25991 | Gauntlet | Found a transporter.
 25996 | Gauntlet | Found a transporter.
 25999 | Gauntlet | Found a transporter.
 26002 | Gauntlet | Found a transporter.
 26013 | Gauntlet | Found a transporter.
 26029 | Gauntlet | Found a transporter.
 26034 | Gauntlet | Found a transporter.
 26037 | Gauntlet | Found a transporter.
 26047 | Gauntlet | Found a transporter.
 26089 | Gauntlet | Found the +1 cloak of Starlight {*Dazzle EV+4 Stlth--}
 26096 | Gauntlet | Found a transporter.
 26439 | Gauntlet | Identified the ring of Woeso {Drain rC+ Dex+9 Slay+4}
 26445 | Gauntlet | Reached skill level 10 in Spellcasting
 26474 | Gauntlet | Found the +9 staff of Olgreb {rPois∞}
 26760 | D:14     | Reached skill level 5 in Polearms
 26860 | D:15     | Entered Level 15 of the Dungeon
 26969 | D:15     | Found a staircase to the Depths.
 27308 | D:15     | Found Nopsosung's Weapon Shoppe.
 27805 | Orc:2    | Killed Jorgrun
 27806 | Orc:2    | Reached XP level 17. HP: 103/140 MP: 24/31
 27932 | Orc:2    | Found Rokutwagg's Magic Scroll Emporium.
 27932 | Orc:2    | Found Emutseh's Assorted Antiques.
 28005 | Orc:2    | Bought a scroll of magic mapping for 56 gold pieces
 28005 | Orc:2    | Bought a scroll of identify for 32 gold pieces
 28136 | Orc:2    | Found Huvud Koapne's Magic Scroll Shoppe.
 28138 | Orc:2    | Found Tivvu's General Store.
 28142 | Orc:2    | Bought a potion of ambrosia for 120 gold pieces
 28142 | Orc:2    | Bought a potion of brilliance for 60 gold pieces
 28143 | Orc:2    | Bought a scroll of identify for 30 gold pieces
 28143 | Orc:2    | Bought a scroll of immolation for 52 gold pieces
 28145 | Orc:2    | Bought a scroll of identify for 24 gold pieces
 28152 | Orc:2    | Bought a potion of curing for 48 gold pieces
 28152 | Orc:2    | Bought 2 potions of heal wounds for 160 gold pieces
 28294 | D:8      | Lost mutation: Your spells are a little harder to cast, but
                  | a little more powerful. [potion of mutation]
 28294 | D:8      | Lost mutation: You are robust. (+10% HP) [potion of
                  | mutation]
 28294 | D:8      | Gained mutation: You are partially covered in iridescent
                  | scales. (AC +2) [potion of mutation]
 28294 | D:8      | Gained mutation: Your flesh is heat resistant. (rF+)
                  | [potion of mutation]
 28383 | Spider:1 | Entered Level 1 of the Spider Nest
 28592 | Spider:1 | Reached skill level 20 in Earth Magic
 28874 | Spider:1 | Reached skill level 1 in Evocations
 30520 | Spider:3 | Reached skill level 10 in Necromancy
 30719 | Spider:3 | Identified the ring "Ynwasemm" {rPois rC+ Slay+4}
 30758 | Spider:3 | Noticed Aizul
 30768 | Spider:3 | Killed Aizul
 30769 | Spider:3 | Reached skill level 10 in Transmutations
 31095 | Spider:4 | Entered Level 4 of the Spider Nest
 31444 | Spider:4 | Reached XP level 18. HP: 134/134 MP: 29/32
 32111 | Spider:4 | Found the +2 hat of the Bear Spirit {Spirit, *Rage Will++}
 32123 | Spider:4 | Got a gossamer rune of Zot
 32327 | Spider:4 | Identified a scroll of acquirement
 32465 | Shoals:1 | Entered Level 1 of the Shoals
 32465 | Shoals:1 | Noticed Louise
 32465 | Shoals:1 | Found Qafimacy's Magic Scroll Shoppe.
 32702 | Shoals:1 | Killed Louise
 32720 | Shoals:1 | Noticed Frances
 32730 | Shoals:1 | Killed Frances
 32753 | Shoals:1 | Bought a scroll of identify for 34 gold pieces
 32753 | Shoals:1 | Bought a scroll of magic mapping for 59 gold pieces
 32753 | Shoals:1 | Bought a scroll of enchant armour for 127 gold pieces
 33949 | Shoals:2 | Reached skill level 5 in Shields
 34085 | Shoals:2 | Identified the +0 robe of the Jackalope {rElec rF+ MP-9}
 34481 | Shoals:2 | Found Tatial Honk's Jewellery Shop.
 34762 | Shoals:3 | Noticed Nikola
 34773 | Shoals:3 | Killed Nikola
 34835 | Shoals:3 | Noticed Ilsuiw
 34888 | Shoals:3 | Killed Ilsuiw
 35030 | Shoals:3 | Reached XP level 19. HP: 87/140 MP: 33/33
 35504 | Shoals:4 | Entered Level 4 of the Shoals
 35520 | Shoals:4 | Reached skill level 10 in Shields
 35802 | Shoals:4 | Found a runed translucent door.
 35803 | Shoals:4 | Noticed H0rd4k's ghost (adept DEWz)
 35812 | Shoals:4 | Killed H0rd4k's ghost
 35813 | Shoals:4 | Identified the +7 shortbow of Accidental Termination
                  | {vorpal, rElec Will+}
 35818 | Shoals:4 | Got the Handbook of Dislocated Hexes
 36196 | Shoals:4 | Got a barnacled rune of Zot
 36349 | Shoals:4 | Found the +7 mace of Variability {chain chaos}
 37071 | Vaults:1 | Entered Level 1 of the Vaults
 37649 | Vaults:1 | Reached skill level 15 in Shields
 37654 | Vaults:1 | Reached XP level 20. HP: 51/147 MP: 34/34
 38104 | Vaults:2 | Learned a level 3 spell: Stone Arrow
 38506 | Vaults:2 | Found Wucsel's Distillery.
 38511 | Vaults:2 | Bought 2 potions of curing for 126 gold pieces
 38511 | Vaults:2 | Bought a potion of invisibility for 168 gold pieces
 38511 | Vaults:2 | Bought a potion of resistance for 210 gold pieces
 38511 | Vaults:2 | Bought a potion of curing for 63 gold pieces
 38511 | Vaults:2 | Bought 2 potions of mutation for 336 gold pieces
 38511 | Vaults:2 | Bought a potion of heal wounds for 105 gold pieces
 39282 | Vaults:2 | Found a staircase to the Crypt.
 39458 | Vaults:3 | You fall into a shaft and drop 1 floor!
 39624 | Vaults:4 | Reached skill level 15 in Transmutations
 39651 | Vaults:4 | HP: 4/191 [war gargoyle/+0 morningstar[a peacekeeper] (9)]
 39654 | Vaults:4 | Mangled by a war gargoyle

Illustrated notes

Levels and vault maps discovered:
D:1:      dpeg_arrival_rhombus, layout_rooms
D:2:      layout_loops_ring, minmay_fractal_squares_gapless_5
D:3:      layout_basic, gammafunk_ghost_mausoleum,
          nicolae_ecumenical_lake_church
D:4:      layout_basic, fedhas_altar_3,
          mainiacjoe_overflow_concentric_impassable, serial_shops,
          nicolae_shop_crystal, minmay_rat_hole
D:5:      layout_rooms, minmay_temple_entry_wispy,
          cheibrodos_sewer_entry_sluice, kennysheep_doodads,
          kb_lookout_dungeons_type, hangedman_decor_opposing
D:6:      layout_loops_ring, ebering_ghost_sewer_d, nicolae_fountain_basement
D:7:      layout_loops_cross, serial_shops, shop, uniq_duvessa
D:8:      layout_basic, mainiacjoe_overflow_chevrons, erik_lair_island
D:9:      layout_basic, pdpol_wu_jian_five_deadly_venoms,
          minmay_orc_entry_guard_dogs, enter_bailey_5
D:10:     layout_irregular_city, serial_rivers, chequers_serial_rivers_micro_a,
          chequers_serial_rivers_micro_a, chequers_serial_rivers_room_b,
          chequers_serial_rivers_small_3
D:11:     layout_stronghold
D:12:     minmay_guarded_unrand_guard, layout_irregular_city, grunt_ogre_cave,
          serial_bayou_lagoon_a, nicolae_sextant, uniq_rupert, uniq_azrael
D:13:     layout_basic, grunt_vaults_entry_fortified, uniq_sonja
D:14:     layout_basic, gauntlet_entry_generic, minmay_misc_feat_pillars,
          serial_shops, nicolae_shop_hallway_stairs, shop
D:15:     grunt_enter_depths_hoard, layout_long_grid, serial_shops, shop
Temple:   eino_narrow_crystal_temple
Lair:1:   layout_chaotic_city, serial_bayou_pond_b
Lair:2:   layout_hall_layers, minmay_shoals_entry_lonely_mermaid,
          nicolae_lair_grazing_beasts [nicolae_sub_lair_graze_edge,
          nicolae_sub_lair_graze_edge, nicolae_sub_lair_graze_edge,
          nicolae_sub_lair_graze_edge], serial_bayou_shore_a, uniq_maggie
Lair:3:   layout_long_grid
Lair:4:   layout_regular_city, hellmonk_spider_entry_life_and_decay,
          kennysheep_abandoned_house, uniq_nergalle
Lair:5:   layout_loops_ring, dpeg_slime_entry_enclosed_altar,
          hellmonk_guarded_unrand_zhor
Lair:6:   minmay_lair_end_frog_pond, layout_long_grid, special_room
          [special_room_bee]
Shoals:1: layout_shoals, serial_shops, nicolae_shop_hallway_plus, uniq_louise,
          uniq_frances
Shoals:2: nicolae_shoals_island_circles, layout_shoals,
          minmay_shop_enchanted_jewellery
Shoals:3: layout_shoals, nicolae_shoals_this_corrosion, uniq_ilsuiw, uniq_nikola
Shoals:4: shoals_end_grunt_ice, layout_shoals, gammafunk_ghost_grave,
          nicolae_shoals_elemental_ambush
Spider:1: layout_spider_delve
Spider:2: layout_chambers
Spider:3: layout_spider_delve, uniq_aizul
Spider:4: hellmonk_spider_rune_endless_swarm
Orc:1:    layout_diamond_mine, nicolae_orc_lava_room
Orc:2:    st_orc_rangers, layout_diamond_mine, serial_shops, shop, uniq_jorgrun
Vaults:1: vaults_room_pool, dpeg_vaults_waves, vaults_room_semicircle,
          nicolae_vaults_stairing_the_circle, vaults_room_fancy_cross,
          vaults_room_grid, hangedman_vaults_hat,
          ontoclasm_vaults_decontamination, v_alt_pattern_3, v_misc_26,
          ontoclasm_vaults_ligature, nicolae_vaults_specimen_jars,
          layout_vaults_omnibox
Vaults:2: ontoclasm_vaults_ring_small, nicolae_vaults_mini_display_case,
          v_misc_33, vaults_standard_mumra_x, minmay_crypt_entry_simple_sparse,
          nicolae_vaults_rhombus_6, v_misc_25, vaults_room_pools,
          nicolae_vaults_little_squares_3, layout_vaults_omnigrid, serial_shops,
          shop
Vaults:3: gammafunk_ghost_grave, v_misc_11, v_misc_14, vaults_room_fancy_cross,
          vaults_room_fours, nicolae_vaults_circle_grid_b,
          nicolae_vaults_diagonal_hallway_6, nicolae_vaults_disjoint_gnomons,
          hangedman_vaults_variations, nicolae_vaults_little_squares_1,
          hangedman_vaults_nails, vaults_room_corners, layout_vaults_ring,
          serial_shops, shop
Vaults:4: nicolae_vaults_shelves_hall, hangedman_vaults_corner,
          vaults_standard_mumra_enter_the_diamond, serial_ice_g,
          nicolae_vaults_three_branches, vaults_dpeg_doors,
          hangedman_vaults_slice, nicolae_vaults_sealed_display,
          nicolae_vaults_yaktaur_gun_rack, vaults_dpeg_encased_lava,
          layout_vaults_omnicross

Skill      XL: |  1  2  3  4  5  6  7  8  9 10 11 12 13 14 15 16 17 18 19 20 |
---------------+-------------------------------------------------------------+-----
Conjurations   | 4 5 6 |  6.0
Fighting       | 2 5 7 9 10 | 10.0
Armour         | 2 3 5 7 9 10 | 10.0
Spellcasting   | 3 6 7 8 10 | 10.0
Necromancy     | 5 9 11 12 13 14 | 14.7
Dodging        | 2 5 6 7 |  7.0
Ice Magic      | 4 6 8 |  8.0
Shields        | 2 3 9 15 | 15.0
Earth Magic    | 11 15 18 19 20 | 20.0
Transmutations | 6 8 11 13 15 | 15.2
Polearms       | 6 8 |  8.0
Evocations     | 2 |  2.0
Stealth        | |  2.4

Action                   |  1- 3 |  4- 6 |  7- 9 | 10-12 | 13-15 | 16-18 | 19-21 || total
-------------------------+-------+-------+-------+-------+-------+-------+-------++-------
Melee: Unarmed           |     7 |       |       |       |       |       |       ||     7
       Short sword       |    11 |    35 |    27 |     1 |       |       |       ||    74
       Punch             |       |       |     1 |     1 |       |       |       ||     2
       Falchion          |       |       |       |   128 |       |       |       ||   128
       Scimitar          |       |       |       |   194 |   911 |       |       ||  1105
       War axe           |       |       |       |       |   602 |       |       ||   602
       Glaive            |       |       |       |       |       |   716 |   462 ||  1178
       Staff             |       |       |       |       |       |    25 |       ||    25
 Fire: Shortbow          |       |     1 |       |       |       |       |     1 ||     2
 Cast: Magic Dart        |    23 |    48 |    59 |    95 |    65 |       |       ||   290
       Searing Ray       |     9 |    11 |    57 |   188 |    98 |       |       ||   363
       Sublimation of Bl |       |       |     8 |    59 |    99 |     4 |       ||   170
       Ozocubu's Armour  |       |       |       |    58 |    98 |    24 |    11 ||   191
       Dispel Undead     |       |       |       |     2 |    45 |     1 |     3 ||    51
       Lee's Rapid Decon |       |       |       |       |    86 |    61 |    18 ||   165
       Frozen Ramparts   |       |       |       |       |    18 |    21 |     8 ||    47
       Statue Form       |       |       |       |       |     2 |     7 |     3 ||    12
Invok: Receive Forbidden |       |       |       |     1 |       |       |       ||     1
       Renounce Religion |       |       |       |     1 |       |       |       ||     1
       Call Merchant     |       |       |       |       |       |     3 |       ||     3
 Abil: Dig               |       |       |     3 |    13 |    23 |     5 |     1 ||    45
       Evoke the Staff o |       |       |       |       |       |    13 |       ||    13
       End Transformatio |       |       |       |       |       |     2 |       ||     2
Evoke: Wand              |       |       |       |     1 |       |       |       ||     1
  Use: Scroll            |       |     2 |       |     5 |     8 |    15 |     4 ||    34
       Potion            |       |       |       |     4 |     4 |     2 |     4 ||    14
 Stab: Sleeping          |       |     3 |     1 |     2 |     5 |     2 |       ||    13
       Distracted        |       |     1 |       |       |     7 |    15 |    17 ||    40
       Paralysed         |       |       |       |     4 |       |       |       ||     4
       Petrified         |       |       |       |       |       |     3 |       ||     3
       Invisible         |       |       |       |       |       |    32 |     7 ||    39
       Held in net/web   |       |       |       |       |       |       |     1 ||     1
Armor: Robe              |     8 |     7 |    22 |     4 |       |     1 |       ||    42
       Steam dragon scal |       |       |       |    34 |       |       |       ||    34
       Troll leather arm |       |       |       |   392 |  1187 |   287 |   128 ||  1994
       Skin              |       |       |       |       |     6 |    77 |    44 ||   127
Dodge: Dodged            |    20 |    29 |    66 |   566 |  1883 |   818 |   380 ||  3762
Block: Buckler           |       |       |       |   197 |   695 |   345 |    32 ||  1269
       Tower shield      |       |       |       |       |       |       |   471 ||   471
